 Dungeon Crawl Stone Soup version 0.18-a0-1805-g8ab820f (webtiles) character file.

79 Zhenya25pyc the Shield-Bearer (level 4, -1/29 HPs)
             Began as a Gargoyle Fighter on Apr 26, 2016.
             Slain by a hobgoblin (2 damage)
             ... led by Robin
             ... on level 3 of the Dungeon.
             The game lasted 00:02:13 (1446 turns).

Zhenya25pyc the Shield-Bearer (Gargoyle Fighter)    Turns: 1446, Time: 00:02:15

Health: -1/29      AC: 12    Str: 21    XL:     4   Next: 38%
Magic:  4/4        EV:  5    Int:  8    God:
Gold:   140        SH:  9    Dex:  9    Spells: 0 memorised, 3 levels left

rFire  . . .     SeeInvis .     a - +0 flail
rCold  . . .     Gourm    .     j - +0 chain mail
rNeg   + . .     Faith    .     c - +0 shield
rPois  ∞         Spirit   .     (no helmet)
rElec  +         Dismiss  .     (no cloak)
rCorr  .         Reflect  .     (no gloves)
SustAt .         Harm     .     (no boots)
MR     .....                    (no amulet)
Stlth  ..........               (no ring)
                                (no ring)

@: not resistant to hostile enchantments, extremely unstealthy
A: negative energy resistance 1, electricity resistance, unbreathing,
petrification resistance, rot immunity, AC +3
a: no special abilities


You were on level 3 of the Dungeon.
You were not hungry.

You visited 1 branch of the dungeon, and saw 3 of its levels.

You collected 140 gold pieces.

Inventory:

Hand Weapons
 a - a +0 flail (weapon)
Armour
 b - a +0 scale mail
 c - a +0 shield (worn)
 j - a +0 chain mail (worn)
Scrolls
 e - 2 scrolls of identify {unknown}
 g - 2 scrolls of remove curse {unknown}
 i - 2 scrolls of fear {unknown}
 k - a scroll of amnesia {unknown}
 l - a scroll of teleportation {unknown}
Potions
 d - 2 potions of might
 h - a potion of heal wounds {unknown}
Comestibles
 f - a bread ration
 m - a chunk of flesh


   Skills:
 + Level 3.7 Fighting
 * Level 3.2 Maces & Flails
 + Level 3.7 Armour
 + Level 4.0 Shields


You had 3 spell levels left.
You didn't know any spells.

Dungeon Overview and Level Annotations

Branches:
Dungeon (3/15)

Altars:
Pakellas

Annotations:
D:3 Robin


Innate Abilities, Weirdness & Mutations

You are resistant to torment.
Your stone body is resilient (AC +3).
You are immune to poison.
You resist negative energy.
You are resistant to electric shocks.
You can survive without breathing.
You are immune to petrification.
You are immune to rotting.


Message History

The hobgoblin no longer looks unusually strong.
You block the goblin's attack. Robin throws the goblin at you!
The hobgoblin hits you.
* * * LOW HITPOINT WARNING * * *
The hobgoblin hits you but does no damage.
The hobgoblin hits you.
* * * LOW HITPOINT WARNING * * *
You block the goblin's attack. Robin throws the goblin at you!
You block the goblin's attack. You block the hobgoblin's attack.
The hobgoblin splashes around in the water.
The goblin splashes around in the water.
You closely miss Robin.
Robin is heavily wounded.
The hobgoblin hits you.
* * * LOW HITPOINT WARNING * * *
You block the goblin's attack. Robin hits you but does no damage.
You block the goblin's attack.
The hobgoblin hits you but does no damage.
The hobgoblin hits you.
You die...

.. ....... ## ... ......
..# #.#.##≈#.≈###..
.###.##.≈≈≈≈≈≈≈.##
.....≈≈≈≈≈≈≈≈g≈≈
#.#≈≈≈≈≈)[.≈≈≈
#.≈≈≈≈≈ggg♣≈##≈. .
##≈≈≈≈≈≈g@g#≈≈≈≈≈# ..
#≈≈≈≈≈≈#≈gg≈#≈≈≈≈≈ ...
###≈≈≈≈≈≈≈$!.≈≈≈≈≈≈≈ #...
+...≈≈≈≈≈≈.<.≈≈≈≈≈#.
#?...#..≈≈≈≈≈≈≈..♣≈≈≈≈≈≈≈
#...)†≈#≈≈≈≈#.†≈≈≈≈≈≈≈
#.#..#≈≈≈≈≈≈≈..≈≈≈≈#≈ #
#..#.≈≈≈≈≈)!.≈≈≈#≈.
##..#≈≈≈≈≈≈<.†≈≈≈≈#


You could see Robin, 3 hobgoblins and 4 goblins.

Vanquished Creatures
  11 dart slugs
  A giant gecko (D:2)
  A giant cockroach (D:3)
  6 goblins
  7 hobgoblins
  8 jackals
  A ball python (D:2)
  7 bats
  7 kobolds
  3 rats
52 creatures vanquished.

Notes
Turn   | Place    | Note
--------------------------------------------------------------
     0 | D:1      | Zhenya25pyc the Gargoyle Fighter began the quest for the Orb.
     0 | D:1      | Reached XP level 1. HP: 14/14 MP: 1/1
    78 | D:1      | Reached XP level 2. HP: 19/19 MP: 2/2
   755 | D:2      | Found an oddly glowing altar of Pakellas.
   799 | D:2      | Reached XP level 3. HP: 23/23 MP: 3/3
  1374 | D:3      | Reached XP level 4. HP: 26/29 MP: 4/4
  1415 | D:3      | Reached skill level 4 in Shields
  1433 | D:3      | Noticed Robin
  1446 | D:3      | HP: 1/29 [hobgoblin[Robin] (2)]
  1446 | D:3      | Slain by a hobgoblin

Vault maps used:
D:1:      mrwooster_arrival_statue_3, fountainhead
D:2:      grunt_pakellas_salt, minmay_splitting_lines
D:3:      kennysheep_slugbush, lemuel_doored_altar, uniq_grinder, uniq_robin

Skill      XL: |  1  2  3  4 |
---------------+-------------+-----
Maces & Flails | 3 |  3.2
Shields        | 4 |  4.0
Fighting       | |  3.7
Armour         | |  3.7

Action                   |  1- 3 |  4- 6 || total
-------------------------+-------+-------++-------
Melee: Flail             |   183 |    44 ||   227
  Eat: Chunk             |     2 |       ||     2
Armor: Scale mail        |    75 |       ||    75
       Chain mail        |   107 |    32 ||   139
Dodge: Dodged            |    63 |    10 ||    73
Block: Shield            |   133 |    37 ||   170
